 Dungeon Crawl Stone Soup version 0.30-a0-377-g5cb311bc9f (webtiles) character file.

Game seed: 17915949411454251547

2099 isidorage the Cleaver (level 9, -2/74 HPs)
             Began as a Minotaur Gladiator on Nov 28, 2022.
             Was a Follower of Elyvilon.
             Slain by a gnoll
             ... wielding a +0 flail
             ... led by a gnoll bouda
              (5 damage)
             ... on level 7 of the Dungeon on Nov 29, 2022.
             The game lasted 00:45:26 (6977 turns).

isidorage the Cleaver (Minotaur Gladiator)          Turns: 6977, Time: 00:45:26

Health: -2/74      AC:  9    Str: 25    XL:     9   Next: 7%
Magic:  8/8        EV: 14    Int:  9    God:    Elyvilon [*.....]
Gold:   158        SH:  0    Dex: 18    Spells: 6/8 levels left

rFire   . . .      SeeInvis .    x - +2 falchion (holy)
rCold   . . .      Faith    .    (no shield)
rNeg    . . .      Spirit   .    r - +2 ring mail {Will+}
rPois   .          Reflect  .    c - +0 hat
rElec   .          Harm     .    (no cloak)
rCorr   .          Rampage  .    A - +0 pair of gloves
Will    +....                    (no boots)
Stlth   +.........               (no amulet)
HPRegen 0.32/turn                k - +6 ring of strength
MPRegen 0.11/turn                h - +6 ring of dexterity

@: weakened, flying
A: horns 2, retaliatory headbutt
a: Renounce Religion, Purification


You were on level 7 of the Dungeon.
You worshipped Elyvilon.
Elyvilon was aware of your devotion.
You visited 2 branches of the dungeon, and saw 8 of its levels.

You collected 344 gold pieces.
You spent 186 gold pieces at shops.

Inventory:

Hand Weapons
 a - a +0 war axe
 f - a +0 dagger
 x - a +2 falchion of holy wrath (weapon)
 y - a +0 rapier
Missiles
 d - 2 throwing nets
 e - a javelin
Armour
 c - a +0 hat (worn)
 r - a +2 ring mail of willpower (worn)
 A - a +0 pair of gloves (worn)
Jewellery
 h - a +6 ring of dexterity (right hand)
 k - a +6 ring of strength (left hand)
Wands
 j - a wand of flame (3) (quivered)
 l - a wand of light (11)
 p - a wand of paralysis (14)
Scrolls
 b - a scroll of magic mapping {unknown}
 m - a scroll of blinking
 o - a scroll of poison {unknown}
 t - a scroll of teleportation {unknown}
 u - 2 scrolls of torment {unknown}
 v - a scroll of fear {unknown}
 w - a scroll of noise {unknown}
 z - a scroll of immolation {unknown}
 B - 2 scrolls of enchant armour {unknown}
Potions
 g - a potion of invisibility
 i - a potion of lignification
 n - a potion of ambrosia {unknown}
 s - a potion of cancellation {unknown}
 C - a potion of mutation {unknown}


   Skills:
 + Level 5.3 Fighting
 + Level 3.1(3.2) Short Blades
 + Level 0.9(2.3) Long Blades
 + Level 9.9 Axes
 + Level 2.0 Throwing
 + Level 6.4 Armour
 + Level 5.4 Dodging
 + Level 1.6 Stealth
 + Level 1.7 Evocations


You had 6 spell levels left.
You knew the following spells:

 Your Spells              Type           Power      Damage    Failure   Level
a - Magic Dart            Conj           0%         1d3       52%         1
b - Sandblast             Erth           0%         2d4       52%         1

Your spell library contained the following spells:

 Spells                   Type           Power      Damage    Failure   Level
 Call Imp                 Summ           0%         N/A       65%         2
 Ensorcelled Hibernation  Hex/Ice        0%         N/A       65%         2
 Passwall                 Tmut/Erth      0%         N/A       65%         2
 Call Canine Familiar     Summ           0%         N/A       87%         3
 Hailstorm                Conj/Ice       0%         3d3       87%         3
 Mephitic Cloud           Conj/Pois/Air  0%         N/A       87%         3
 Portal Projectile        Hex/Tloc       0%         N/A       87%         3
 Stone Arrow              Conj/Erth      0%         3d7       87%         3
 Swiftness                Air            0%         N/A       87%         3
 Ice Form                 Ice/Tmut       0%         N/A       99%         4
 Leda's Liquefaction      Hex/Erth       0%         N/A       99%         4
 Simulacrum               Ice/Necr       0%         N/A       100%        6


Dungeon Overview and Level Annotations

Branches:
Dungeon (7/15)             Temple (1/1) D:5

Altars:
Ashenzari
Cheibriados
Dithmenos
Elyvilon
Gozag
Hepliaklqana
Kikubaaqudgha
Makhleb
Nemelex Xobeh
Okawaru
Qazlal
Sif Muna
Trog
Uskayaw
Vehumet
Xom
Yredelemnul
Zin
The Shining One

Shops:
D:5 (


Innate Abilities, Weirdness & Mutations

You have a pair of horns on your head.
You reflexively headbutt those who attack you in melee.


Message History

The black bear claws you. The gnoll barely misses you. You furiously retaliate!
You headbutt the gnoll! The ice beast closely misses you.
You furiously retaliate!
You headbutt the ice beast! The ice beast barely misses you.
You furiously retaliate!
You headbutt the ice beast. The iguana completely misses you.
The gnoll bouda hits you with a +0 club.
You hit the gnoll but do no damage. You headbutt the gnoll.
The gnoll is almost dead.
The black bear bites you. The black bear claws you.
* * * LOW HITPOINT WARNING * * *
The black bear claws you but does no damage.
The gnoll barely misses you. The black bear closely misses you.
You furiously retaliate!
You headbutt the black bear.
You kill the black bear!
The gnoll misses you. The ice beast hits you.
* * * LOW HITPOINT WARNING * * *
The ice beast freezes you.
* * * LOW HITPOINT WARNING * * *
The iguana bites you but does no damage.
The ice beast barely misses you.
The gnoll bouda hits you but does no damage.
The gnoll hits you from afar with a +0 halberd!
* * * LOW HITPOINT WARNING * * *
You hit the ice beast. Your headbutt misses the ice beast.
The ice beast is severely wounded.
The gnoll hits you with a +0 flail.
* * * LOW HITPOINT WARNING * * *
The iguana closely misses you.
The ice beast hits you but does no damage.
The ice beast closely misses you. You furiously retaliate!
You headbutt the ice beast!
The gnoll bouda gazes fiercely through you!
You feel as though you will be weak longer.
The gnoll bouda barely misses you. The gnoll misses you.
The gnoll barely misses you.
It was a potion of flight.
You feel very buoyant.
You fly up into the air.
The iguana barely misses you. You furiously retaliate!
You headbutt the iguana. The gnoll hits you with a +0 flail.
You die...

#...#...#
#...##..####
#######.....#
#....##.....#
#.......(...##
#........~~.....
#####..§§§~.....
..###.lY.$..§§~....?.
.....gg@..§§.§..##...
.....ggYgo...~..# ...
......o{o.......#
.........#?.....#
####.....###+####
#.....# .......
........


You could see 2 ice beasts, a gnoll bouda, an iguana, an orc wizard, 4 gnolls
and 2 orcs.

Vanquished Creatures
  A steam dragon (D:6)
  A water moccasin (D:5)
  4 black bears
  2 ogres
  A phantom (D:5)
  A kobold brigand (D:6)
  A necrophage (D:5)
  A bullfrog (D:6)
  3 scorpions
  5 hounds
  A jelly (D:4)
  3 orc priests
  5 iguanas
  9 orc wizards
  Natasha (thrice) (D:4)
  Robin (D:4)
  A gnoll (D:7)
  4 adders (D:5)
  3 white imps (D:5)
  3 ufetubi
  A worm (D:2)
  17 orcs
  4 bats
  8 endoplasms
  3 giant cockroaches (D:1)
  11 goblins
  9 hobgoblins
  3 jackals (D:3)
  A quokka (D:2)
  4 ball pythons
  A frilled lizard (D:2)
  9 kobolds
  8 rats
  4 toadstools (D:1)
136 creatures vanquished.

Vanquished Creatures (others)
  14 fungi (D:2)
  7 plants
  5 toadstools (D:2)
26 creatures vanquished.

Grand Total: 162 creatures vanquished

Notes
Turn   | Place    | Note
-------+----------+-------------------------------------------
     0 | D:1      | isidorage the Minotaur Gladiator began the quest for the
                  | Orb.
     0 | D:1      | Reached XP level 1. HP: 18/18 MP: 0/0
   361 | D:1      | Reached skill level 4 in Axes
   390 | D:1      | Reached XP level 2. HP: 13/25 MP: 1/1
  1327 | D:2      | Reached XP level 3. HP: 30/30 MP: 2/2
  1458 | D:2      | Learned a level 1 spell: Magic Dart
  1460 | D:2      | Learned a level 1 spell: Sandblast
  2118 | D:2      | Found a faded altar of an unknown god.
  2172 | D:3      | Reached skill level 1 in Armour
  2540 | D:3      | Reached XP level 4. HP: 37/37 MP: 3/3
  2922 | D:4      | Reached skill level 5 in Axes
  2925 | D:4      | Reached XP level 5. HP: 34/45 MP: 2/4
  3052 | D:4      | Noticed Natasha
  3063 | D:4      | Killed Natasha
  3212 | D:4      | Noticed Natasha
  3218 | D:4      | Killed Natasha
  3219 | D:4      | Reached skill level 6 in Axes
  3229 | D:4      | Noticed Natasha
  3234 | D:4      | Killed Natasha
  3354 | D:4      | Reached XP level 6. HP: 47/51 MP: 5/5
  3359 | D:4      | Identified the +0 helmet of Symophe {rElec rCorr Int+2
                  | Dex+3}
  3359 | D:4      | Noticed Robin
  3369 | D:4      | Killed Robin
  3654 | D:4      | Reached skill level 7 in Axes
  3826 | D:4      | Reached XP level 7. HP: 58/58 MP: 6/6
  4097 | D:5      | Entered Level 5 of the Dungeon
  4106 | D:5      | Reached skill level 1 in Evocations
  4487 | D:5      | Reached skill level 8 in Axes
  4487 | D:5      | Reached skill level 1 in Stealth
  4489 | D:5      | Reached XP level 8. HP: 57/67 MP: 7/7
  4585 | D:5      | Found an iron altar of Okawaru.
  4595 | D:5      | Found a hazy altar of Hepliaklqana.
  4599 | D:5      | Reached skill level 5 in Armour
  4618 | D:5      | Reached skill level 5 in Dodging
  4655 | D:5      | Found a staircase to the Ecumenical Temple.
  4688 | D:5      | Reached skill level 9 in Axes
  4693 | D:5      | Found Zin's Purification Station.
  4698 | D:5      | Found a glowing silver altar of Zin.
  4701 | D:5      | Bought a potion of curing for 90 gold pieces
  4808 | D:5      | Found Goshrod's Antique Weapon Shop.
  4818 | D:5      | Bought a rapier for 96 gold pieces
  5021 | D:5      | Reached skill level 5 in Fighting
  5059 | D:5      | Found a bloodstained altar of Trog.
  5264 | D:5      | Reached skill level 1 in Short Blades
  5501 | Temple   | Entered the Ecumenical Temple
  5624 | Temple   | Became a worshipper of Elyvilon the Healer
  6731 | D:6      | Reached XP level 9. HP: 74/74 MP: 8/8
  6733 | D:6      | Reached * piety under Elyvilon
  6947 | D:7      | Found a stormy altar of Qazlal.
  6976 | D:7      | HP: 3/74 [gnoll/+0 flail[a gnoll bouda] (1)]
  6977 | D:7      | Slain by a gnoll

Illustrated notes

Levels and vault maps discovered:
D:1:      ldierk_water_garden, layout_basic, serial_co_window_serial,
          co_window_paths_a, co_window_paths_a, co_window_corner_a,
          co_window_paths_a, co_window_corner_a, co_window_broadway_b,
          co_window_corner_b, co_window_cross_4, co_window_of_opportunity_b,
          co_window_paths_d, glass_columns_a, glass_columns_c, glass_columns_b,
          glass_columns_c
D:2:      layout_basic, shapermc_ecumenical_altar_mp_urbaneastern,
          minmay_gold_behind_fungi
D:3:      layout_basic, feat_on_display
D:4:      layout_basic, due_unseen_surprise, uniq_natasha, uniq_robin
D:5:      layout_basic, zin_purify, nicolae_hepliaklqana_hazy_memory,
          lemuel_round_altar, marbit_many_paths, minmay_temple_entry_ruins,
          serial_shops, shop_fountains, portal_sewer_entry_d,
          hangedman_glass_teeth, minmay_a_box_with_orc_wizards_in_it
D:6:      layout_loops_ring
D:7:      layout_gridville, nicolae_qazlal_scattered_showers,
          kennysheep_generic_room_4
Temple:   nicolae_temple_two_arcs

Skill      XL: |  1  2  3  4  5  6  7  8  9 |
---------------+----------------------------+-----
Axes           | 4 5 6 7 8 9 |  9.9
Armour         | 1 2 3 4 6 |  6.4
Fighting       | 3 4 5 |  5.3
Dodging        | 4 5 |  5.4
Evocations     | 1 |  1.7
Stealth        | 1 |  1.6
Short Blades   | 2 3 |  3.1
Long Blades    | |  0.9
Throwing       | |  2.0

Action                   |  1- 3 |  4- 6 |  7- 9 || total
-------------------------+-------+-------+-------++-------
Melee: War axe           |   101 |    68 |    60 ||   229
       Headbutt          |    14 |    18 |    37 ||    69
       Rapier            |       |       |    74 ||    74
       Falchion          |       |       |    31 ||    31
       Punch             |       |       |     1 ||     1
Throw: Throwing net      |       |       |     1 ||     1
 Cast: Magic Dart        |       |     1 |       ||     1
Evoke: Wand              |       |     9 |     3 ||    12
  Use: Scroll            |     4 |       |     1 ||     5
       Potion            |       |     2 |     3 ||     5
 Stab: Paralysed         |       |     2 |     1 ||     3
       Sleeping          |       |       |     2 ||     2
Armor: Leather armour    |    19 |       |       ||    19
       Ring mail         |     2 |    24 |   105 ||   131
Dodge: Dodged            |    71 |    50 |   177 ||   298

Table legend: (Time is in decaauts)
 A = Elapsed time spent in this place.
 B = Non-inter-level travel time spent in this place.
 C = Inter-level travel time spent in this place.
 D = Time resting spent in this place.
 E = Time spent auto-exploring this place.
 F = Levels seen in this place.
 G = Mean time per level.
                   A        B        C        D        E       F      G
               +--------+--------+--------+--------+--------+-----+--------+
         Total |   7048 |   7048 |      0 |   1145 |   3797 |   8 |  881.0 |
       Dungeon |   6913 |   6913 |      0 |   1145 |   3797 |   7 |  987.6 |
        Temple |    134 |    134 |      0 |      0 |      0 |   1 |  134.0 |
               +--------+--------+--------+--------+--------+-----+--------+

Top non-repeatable levels by time:
     D:5: 1581 daAuts
     D:4: 1189 daAuts
     D:1: 1122 daAuts
     D:6: 1086 daAuts
     D:2: 1059 daAuts
     D:3: 765 daAuts
  Temple: 134 daAuts
     D:7: 109 daAuts
